 Dungeon Crawl Stone Soup version 0.23-a0-890-gc183402 (webtiles) character file.

Game seed: 12290960037300178792

884 Mgcat the Ruffian (level 7, 0/51 HPs)
             Began as a Demigod Transmuter on Jan 28, 2019.
             Slain by a necrophage (1 damage)
             ... on level 8 of the Dungeon.
             The game lasted 00:12:54 (5363 turns).

Mgcat the Ruffian (Demigod Transmuter)              Turns: 5363, Time: 00:12:55

Health: 0/51       AC:  3    Str: 28    XL:     7   Next: 47%
Magic:  11/16      EV: 19    Int: 17    God:
Gold:   197        SH:  0    Dex: 21    Spells: 8/14 levels left

rFire    . . .     SeeInvis .     - Unarmed
rCold    . . .     Gourm    .   (shield currently unavailable)
rNeg     . . .     Faith    .   (armour currently unavailable)
rPois    x         Spirit   .   (helmet currently unavailable)
rElec    .         Reflect  .   (cloak currently unavailable)
rCorr    .         Harm     .   (gloves currently unavailable)
MR       .....                  (boots currently unavailable)
Stlth    ++........             (no amulet)
HPRegen  0.17/turn              k - +6 ring of strength
MPRegen  0.15/turn              x - +1 ring of protection

@: mighty, spider-form
A: tiny, high mp 1
a: End Transformation


You were on level 8 of the Dungeon.
You were very hungry.
You were a venomous arachnid creature.
You visited 1 branch of the dungeon, and saw 6 of its levels.

You collected 197 gold pieces.

Inventory:

Hand Weapons
 a - a +0 blowgun (melded)
   (You took it off a kobold on level 3 of the Dungeon)
Missiles
 r - 93 arrows (quivered)
 s - 27 poisoned needles
 t - 3 needles of confusion
Armour
 b - a +0 robe (melded)
 j - a +0 hat (melded)
   (You found it on level 1 of the Dungeon)
 q - a cursed +0 pair of boots (melded)
   (You found it on level 3 of the Dungeon)
Jewellery
 k - a +6 ring of strength (left front leg)
   (You took it off a goblin on level 3 of the Dungeon)
 x - a +1 ring of protection (right front leg)
   (You found it on level 4 of the Dungeon)
Scrolls
 e - a scroll of amnesia {unknown}
 f - 8 scrolls of identify {unknown}
 g - 4 scrolls of teleportation {unknown}
 m - a scroll of random uselessness {unknown}
 n - a scroll of noise {unknown}
 o - 2 scrolls of enchant armour {unknown}
 u - 3 scrolls of remove curse {unknown}
 w - a scroll of immolation {unknown}
 y - a scroll of fear {unknown}
 z - a scroll of blinking {unknown}
Potions
 c - a potion of might
 h - 2 potions of degeneration {unknown}
 i - 2 potions of heal wounds {unknown}
 p - a potion of ambrosia {unknown}
 v - a potion of resistance {unknown}
Comestibles
 d - 6 rations


   Skills:
 - Level 0.8 Fighting
 - Level 1.7 Dodging
 + Level 4.9 Unarmed Combat
 + Level 4.1 Spellcasting
 + Level 4.4 Transmutations
 + Level 3.3 Poison Magic


You had 8 spell levels left.
You knew the following spells:

 Your Spells              Type           Power        Failure   Level  Hunger
a - Beastly Appendage     Tmut           ###...       10%         1    None
b - Sticks to Snakes      Tmut           ###.....     12%         2    ##.....
c - Spider Form           Tmut/Pois      ###.......   24%         3    ###....

Your spell library contained the following spells:

 Spells                   Type           Power        Failure   Level  Hunger
 Confusing Touch          Hex            #.....       34%         1    None
 Confuse                  Hex            #.......     65%         3    ###....
 Gell's Gravitas          Tloc           #.........   65%         3    ###....
 Ice Form                 Ice/Tmut       ##......     73%         4    ####...
 Petrify                  Tmut/Erth      ##......     73%         4    ####...
 Blade Hands              Tmut           ###.......   77%         5    ######.
 Yara's Violent Unravell  Hex/Tmut       ##........   95%         5    ######.
 Metabolic Englaciation   Hex/Ice        #.........   100%        5    ######.


Dungeon Overview and Level Annotations

Branches:
Dungeon (5/15)
 Temple: D:4-7


Innate Abilities, Weirdness & Mutations

You have an increased reservoir of magic. (+10% MP)


Message History

You take 2 damage, and have 33/51 hp.
You closely miss the killer bee. The killer bee completely misses you.
You barely miss the killer bee. The killer bee misses you.
The killer bee stings you.
You take 1 damage, and have 32/51 hp.
Danger x4: killer bee x4!
You hit the killer bee.
The killer bee is poisoned.
The killer bee is moderately wounded.
The killer bee completely misses you. The killer bee misses you.
You bite the killer bee!
You kill the killer bee!
The killer bee closely misses you.
Warning x3: The killer bee is very fast! x3
You barely miss the killer bee.
Your transformation is almost over.
The killer bee barely misses you. The killer bee closely misses you.
Unknown command.
Unknown command.
You hit the killer bee.
The killer bee is poisoned.
The killer bee is moderately wounded.
The killer bee closely misses you. The killer bee misses you.
Warning x3: The killer bee is very fast! x3
You barely miss the killer bee.
The killer bee is heavily wounded.
The killer bee completely misses you. The killer bee stings you.
You take 3 damage, and have 29/51 hp.
You bite the killer bee!
You kill the killer bee!
Your Spellcasting skill increases to level 4!
The killer bee completely misses you.
Warning x2: The killer bee is very fast! x2
You bite the killer bee!
The killer bee is poisoned.
The killer bee is heavily wounded.
The killer bee completely misses you. The killer bee misses you.
You hit the killer bee.
The killer bee is severely wounded.
The killer bee stings you! The killer bee stings you.
You are poisoned.
The killer bee poisons you!
You take 11 damage, and have 19/51 hp.
MASSIVE DAMAGE!!
Warning x2: The killer bee is very fast! x2
You closely miss the killer bee.
The killer bee is almost dead.
You feel sick.
You kill the killer bee!
The killer bee misses you.
You take 2 damage, and have 17/51 hp.
Spoiler Alert: The killer bee is very fast!
You feel better. The killer bee closely misses you.
The killer bee completely misses you.
You regained 8 hp, and now have 25/51 hp.
You barely miss the killer bee.
Your transformation has ended.
Your +0 blowgun unmelds from your body.
Your +0 hat unmelds from your body.
Your cursed +0 pair of boots unmelds from your body.
Your +0 robe unmelds from your body.
The killer bee closely misses you. The killer bee stings you.
You take 5 damage, and have 20/51 hp.
Spoiler Alert: The killer bee is very fast and can poison!
Really attack while wielding your +0 blowgun?
Okay, then.
Unknown command.
Casting: Spider Form (safe; 10% risk of failure)
Confirm with . or Enter, or press ? or * to list all spells.
You turn into a venomous arachnid creature.
Your +0 blowgun melds into your body.
Your +0 hat melds into your body.
Your cursed +0 pair of boots melds into your body.
Your +0 robe melds into your body.
The killer bee stings you. The killer bee misses you.
You take 4 damage, and have 16/51 hp.
You now have 10/16 mp.
Spoiler Alert: The killer bee is very fast!
You hit the killer bee.
The killer bee is lightly wounded.
The killer bee stings you but does no damage.
The killer bee stings you.
* * * LOW HITPOINT WARNING * * *
You take 1 damage, and have 15/51 hp.
Spoiler Alert: The killer bee is very fast!
You miss the killer bee.
The killer bee is lightly wounded.
The killer bee closely misses you.
You barely miss the killer bee.
The killer bee is lightly wounded.
The killer bee completely misses you. The killer bee stings you!
* * * LOW HITPOINT WARNING * * *
You take 9 damage, and have 6/51 hp.
Spoiler Alert: The killer bee is very fast!
You hit the killer bee.
The killer bee is poisoned.
The killer bee is moderately wounded.
The killer bee stings you.
* * * LOW HITPOINT WARNING * * *
The killer bee closely misses you.
You take 5 damage, and have 1/51 hp.
Spoiler Alert: The killer bee is very fast!
You bite the killer bee!
You kill the killer bee!
It was a potion of might.
You feel very mighty all of a sudden. The necrophage hits you.
You die...

..# #.#
#.# #.#
#.# #.#
#.# #n##
#.S#s#
#.###..#
..# #.#
#.# ##
... ###


You could see a necrophage.

Vanquished Creatures
  Sigmund (D:2)
  2 ogres
  2 scorpions (D:4)
  6 killer bees (D:8)
  Terence (D:2)
  2 worker ants (D:4)
  4 adders
  4 worms
  3 dart slugs (D:1)
  4 leopard geckos
  6 giant cockroaches
  9 goblins
  8 hobgoblins
  4 jackals (D:2)
  3 ball pythons
  6 bats
  3 frilled lizards
  11 kobolds
  A leopard gecko skeleton (D:4)
  10 rats
90 creatures vanquished.

Vanquished Creatures (collateral kills)
  A giant cockroach (D:1)
1 creature vanquished.

Grand Total: 91 creatures vanquished

Notes
Turn   | Place    | Note
-------+----------+-------------------------------------------
     0 | D:1      | Mgcat the Demigod Transmuter began the quest for the Orb.
     0 | D:1      | Reached XP level 1. HP: 15/15 MP: 5/5
    75 | D:1      | Reached skill level 2 in Spellcasting
    75 | D:1      | Reached skill level 2 in Transmutations
   100 | D:1      | Reached XP level 2. HP: 19/22 MP: 5/7
   133 | D:1      | Reached skill level 3 in Unarmed Combat
   452 | D:1      | Learned a level 2 spell: Sticks to Snakes
   590 | D:1      | Reached XP level 3. HP: 23/27 MP: 7/9
   878 | D:2      | Noticed Sigmund
   934 | D:1      | HP: 6/27 [poisoned by an adder]
  1202 | D:1      | HP: 2/27 [worm (5)]
  1576 | D:2      | Noticed Terence
  1644 | D:2      | HP: 6/27 [worm (2)]
  1914 | D:2      | Learned a level 3 spell: Spider Form
  2080 | D:2      | Killed Sigmund
  2080 | D:2      | Reached skill level 3 in Spellcasting
  2080 | D:2      | Reached skill level 3 in Transmutations
  2080 | D:2      | Reached skill level 1 in Poison Magic
  2080 | D:2      | Reached XP level 4. HP: 19/34 MP: 6/11
  2080 | D:2      | Reached XP level 5. HP: 22/39 MP: 6/12
  2225 | D:2      | Killed Terence
  2325 | D:2      | Reached skill level 4 in Unarmed Combat
  2835 | D:3      | Found a bloodstained altar of Trog.
  3404 | D:3      | Found a faded altar of an unknown god.
  3504 | D:4      | Reached skill level 2 in Poison Magic
  3504 | D:4      | Reached XP level 6. HP: 40/46 MP: 10/14
  4326 | D:4      | HP: 11/46 [ogre/+0 giant club (21)]
  4968 | D:5      | Entered Level 5 of the Dungeon
  5015 | D:5      | HP: 2/46 [ogre/+0 giant club (32)]
  5018 | D:5      | Reached skill level 4 in Transmutations
  5018 | D:5      | Reached XP level 7. HP: 2/51 MP: 11/15
  5329 | D:5      | You fall through a shaft for 3 floors!
  5342 | D:8      | Reached skill level 3 in Poison Magic
  5351 | D:8      | Reached skill level 4 in Spellcasting
  5360 | D:8      | HP: 6/51 [killer bee (9)]
  5361 | D:8      | HP: 1/51 [killer bee (5)]
  5363 | D:8      | Slain by a necrophage

Vault maps used:
D:1:      dpeg_arrival_more_subterranean_lakeside_camping
D:2:      uniq_sigmund, uniq_terence
D:3:      bloody_trog, chequers_ecumenical_altar_lobes,
          chequers_serial_rivers_small_b, corexii_corridor_pit, minivault_23
D:5:      first_ration, dk_noncrumbling_3
D:8:      overflow_temple_1_default

Skill      XL: |  1  2  3  4  5  6  7 |
---------------+----------------------+-----
Spellcasting   | 2 3 4 |  4.1
Transmutations | 2 3 4 |  4.4
Unarmed Combat | 3 4 |  4.9
Poison Magic   | 1 2 3 |  3.3
Fighting       | |  0.8
Dodging        | |  1.7

Action                   |  1- 3 |  4- 6 |  7- 9 || total
-------------------------+-------+-------+-------++-------
Melee: Unarmed           |   126 |   104 |    26 ||   256
       Headbutt          |    16 |     4 |       ||    20
       Kick              |     5 |       |       ||     5
       Punch             |     1 |     1 |       ||     2
 Fire: Blowgun           |       |    19 |       ||    19
 Cast: Beastly Appendage |    16 |     1 |       ||    17
       Sticks to Snakes  |     2 |       |     1 ||     3
       Spider Form       |     1 |    18 |     2 ||    21
  Use: Potion            |       |       |     3 ||     3
 Stab: Sleeping          |     1 |     1 |       ||     2
  Eat: Chunk             |     4 |     7 |     1 ||    12
       Ration            |       |     1 |       ||     1
Armor: Robe              |    25 |     6 |       ||    31
       Skin              |       |       |     1 ||     1
Dodge: Dodged            |    88 |    64 |    33 ||   185

Table legend:
 A = Non-vault XP
 B = Vault XP
 C = Vault XP percentage of total XP
 D = Non-vault monster count
 E = Vault monster count
 F = Vault count percentage of total count
                 A         B        C        D         E       F
            +---------+---------+-------+---------+---------+-------
      Total |    1007 |     256 |  20.3 |      89 |       2 |   2.2
            +---------+---------+-------+---------+---------+-------
        D:1 |      72 |       0 |   0.0 |      33 |       0 |   0.0
        D:2 |      68 |     256 |  79.0 |      31 |       2 |   6.1
        D:3 |      23 |       0 |   0.0 |      10 |       0 |   0.0
        D:4 |     351 |       0 |   0.0 |       8 |       0 |   0.0
        D:5 |     118 |       0 |   0.0 |       1 |       0 |   0.0
        D:8 |     375 |       0 |   0.0 |       6 |       0 |   0.0
            +---------+---------+-------+---------+---------+-------

Vault maps used:
D:1:      dpeg_arrival_more_subterranean_lakeside_camping
D:2:      uniq_sigmund, uniq_terence
D:3:      bloody_trog, chequers_ecumenical_altar_lobes,
          chequers_serial_rivers_small_b, corexii_corridor_pit, minivault_23
D:5:      first_ration, dk_noncrumbling_3
D:8:      overflow_temple_1_default

Table legend:
 A = Turns spent in this place as a percentage of turns spent in the entire game.
 B = Non-inter-level travel turns spent in this place as a percentage of non-inter-level travel turns spent in the entire game.
 C = Inter-level travel turns spent in this place as a percentage of turns spent in this place.
 D = Turns resting spent in this place as a percentage of non-inter-level travel turns spent in this place.
 E = Turns spent auto-exploring this place as a percentage of non-inter-level travel turns spent in this place.
 F = Non-inter-level travel turns spent in this place divided by the number of levels of this place that you've seen.
                   A       B       C       D       E      F
               +-------+-------+-------+-------+-------+----------------------
         Total | 100.0 | 100.0 |   5.8 |  35.6 |  48.0 | 841.7
       Dungeon | 100.0 | 100.0 |   5.8 |  35.6 |  48.0 | 841.7
               +-------+-------+-------+-------+-------+----------------------

Table legend:
 A = Kills in this place as a percentage of kills in entire the game.
 B = Kills by you in this place as a percentage of kills by you in the entire game.
 C = Kills by friends in this place as a percentage of kills by friends in the entire game.
 D = Other kills in this place as a percentage of other kills in the entire game.
 E = Experience gained in this place as a percentage of experience gained in the entire game.
 F = Experience gained in this place divided by the number of levels of this place that you have seen.
                   A       B       C       D       E      F
               +-------+-------+-------+-------+-------+----------------------
         Total | 100.0 | 100.0 | 100.0 |   N/A | 100.0 | 210.5
       Dungeon | 100.0 | 100.0 | 100.0 |   N/A | 100.0 | 210.5
               +-------+-------+-------+-------+-------+----------------------
